 Dungeon Crawl Stone Soup version 0.20.0-4-g10b340a (webtiles) character file.

389 Goyle the Skirmisher (level 6, -1/40 HPs)
             Began as a Gargoyle Fighter on May 27, 2017.
             Slain by a two-headed ogre
             ... wielding a +0 giant club
              (14 damage)
             ... on level 4 of the Dungeon.
             The game lasted 00:05:51 (3307 turns).

Goyle the Skirmisher (Gargoyle Fighter)             Turns: 3307, Time: 00:05:52

Health: -1/40      AC: 20    Str: 21      XL:     6   Next: 79%
Magic:  6/6        EV:  9    Int:  9      God:
Gold:   258        SH:  0    Dex:  8 (9)  Spells: 5/5 levels left

rFire    . . .     SeeInvis .   n - +4 dire flail (protect)
rCold    . . .     Gourm    .   (shield currently unavailable)
rNeg     + . .     Faith    .   b - +0 scale mail
rPois    ∞         Spirit   .   (no helmet)
rElec    +         Reflect  .   i - +0 cloak
rCorr    .         Harm     .   (no gloves)
MR       .....                  (no boots)
Stlth    ..........             (no amulet)
Regen    0.2/turn               (no ring)
MPRegen  0.1/turn               (no ring)

@: protection aura
A: negative energy resistance 1, electricity resistance, unbreathing,
petrification resistance, rot immunity, AC +4
a: no special abilities


You were on level 4 of the Dungeon.
You were not hungry.

You visited 1 branch of the dungeon, and saw 4 of its levels.

You collected 258 gold pieces.

Inventory:

Hand Weapons
 n - a +4 dire flail of protection (weapon)
Armour
 b - a +0 scale mail (worn)
 c - a +0 shield
 i - a +0 cloak (worn)
Wands
 s - a wand of random effects (16/48)
Scrolls
 a - a scroll of remove curse {unknown}
 d - a scroll of fog
 h - a scroll of teleportation
 k - a scroll of enchant weapon
 m - a scroll of magic mapping
 o - 2 scrolls of identify
Potions
 e - 3 potions of mutation
 g - a potion of degeneration
Comestibles
 f - a bread ration
 j - a royal jelly
 l - 3 meat rations
 p - a chunk of flesh


   Skills:
 + Level 5.4 Fighting
 + Level 4.3 Maces & Flails
 + Level 5.3 Armour
 - Level 3.2 Shields


You had 5 spell levels left.
You didn't know any spells.

Dungeon Overview and Level Annotations

Branches:
Dungeon (4/15)
 Temple: D:4-7

Altars:
Fedhas
Gozag
Kikubaaqudgha
Trog

Annotations:
D:2 2 transporters


Innate Abilities, Weirdness & Mutations

You are resistant to torment.
Your stone body is resilient. (AC +4)
You are immune to poison.
You resist negative energy. (rN+)
You are resistant to electric shocks. (rElec)
You can survive without breathing.
You are immune to petrification.
You are immune to rotting.


Message History

The two-headed ogre is lightly wounded.
Evoking this partially-identified wand wasted a few charges.
Unknown command.
You thump the two-headed ogre!
Your weapon exudes an aura of protection.
The two-headed ogre is heavily wounded.
The two-headed ogre barely misses you.
The two-headed ogre hits you with a giant spiked club.
You puncture the two-headed ogre!
The two-headed ogre is severely wounded.
The two-headed ogre hits you with a giant club!
The two-headed ogre hits you with a giant spiked club!
You hit the two-headed ogre.
The two-headed ogre is severely wounded.
Okay, then.
Okay, then.
You puncture the two-headed ogre!
The two-headed ogre is almost dead.
The two-headed ogre hits you with a giant club!
You die...

#...# ...# #.. ...##
⌠.⌠.# ...#w#
###.#.....# ...#.#
.##.#..>.$# #..#.#
.#..#.....# #..#<#
....#8...8# #..#.# .
.#.## ##### #..#.##.#
.#.# #O....... .#.#
#.#####@##.## .#.#
#........?.#
.#.#######..####.####
#........ #.#
.######## #.#
........ #.# .#######
#.# .# .#########.#
.. #........#.###


You could see a two-headed ogre.

Vanquished Creatures
  Edmund (D:4)
  A sky beast (D:3)
  A hound (D:3)
  7 adders
  3 worms
  3 dart slugs
  A leopard gecko (D:2)
  3 orcs (D:3)
  5 giant cockroaches
  8 goblins
  7 hobgoblins
  4 jackals
  2 quokkas
  A ball python (D:3)
  6 bats
  8 frilled lizards
  13 kobolds
  5 rats
79 creatures vanquished.

Notes
Turn   | Place    | Note
-------+----------+-------------------------------------------
     0 | D:1      | Goyle the Gargoyle Fighter began the quest for the Orb.
     0 | D:1      | Reached XP level 1. HP: 14/14 MP: 1/1
   140 | D:1      | Reached XP level 2. HP: 19/20 MP: 2/2
   717 | D:1      | Reached XP level 3. HP: 24/24 MP: 3/3
  1264 | D:2      | Noticed a centaur
  1266 | D:2      | Noticed a big kobold
  1361 | D:2      | Reached XP level 4. HP: 24/29 MP: 4/4
  1370 | D:2      | Found an ancient bone altar of Kikubaaqudgha.
  1527 | D:2      | Found an opulent altar of Gozag.
  1776 | D:2      | Found a blossoming altar of Fedhas.
  1903 | D:3      | Reached XP level 5. HP: 31/34 MP: 5/5
  2101 | D:3      | Found a bloodstained altar of Trog.
  2304 | D:3      | Noticed a sky beast
  2332 | D:3      | Killed a sky beast
  2332 | D:3      | Reached skill level 5 in Fighting
  2332 | D:3      | Reached XP level 6. HP: 13/40 MP: 6/6
  2782 | D:3      | Reached skill level 5 in Armour
  2809 | D:4      | Noticed a two-headed ogre
  3106 | D:4      | Noticed Edmund
  3124 | D:4      | Killed Edmund
  3307 | D:4      | Slain by a two-headed ogre

Skill      XL: |  1  2  3  4  5  6 |
---------------+-------------------+-----
Fighting       | 4 5 |  5.4
Armour         | 4 5 |  5.3
Maces & Flails | 3 4 |  4.3
Shields        | |  3.2

Action                   |  1- 3 |  4- 6 || total
-------------------------+-------+-------++-------
Melee: Flail             |   133 |   166 ||   299
       Dire flail        |       |     7 ||     7
Evoke: Wand              |       |     7 ||     7
  Use: Scroll            |       |     9 ||     9
       Potion            |       |     2 ||     2
  Eat: Chunk             |     2 |     6 ||     8
Armor: Scale mail        |    82 |   101 ||   183
Dodge: Dodged            |    79 |    77 ||   156
